 Dungeon Crawl Stone Soup version 0.28.0 (webtiles) character file.

Game seed: 16506605856192735488

296 browni3141 the Chopper (level 6, -2/84 HPs)
             Began as a Minotaur Berserker on Feb 18, 2022.
             Was a Believer of Trog.
             Killed by divine providence
             ... invoked by an orc priest
              (10 damage)
             ... on level 4 of the Dungeon.
             The game lasted 00:01:29 (3706 turns).

browni3141 the Chopper (Minotaur Berserker)         Turns: 3706, Time: 00:01:29

Health: -2/84      AC:  9    Str: 23    XL:     6   Next: 12%
Magic:  5/5        EV:  8    Int:  4    God:    Trog [**....]
Gold:   114        SH:  0    Dex: 10    Spells: 5/5 levels left

rFire   . . .      SeeInvis .   a - +0 hand axe
rCold   . . .      Faith    .   (no shield)
rNeg    . . .      Spirit   .   h - +0 chain mail
rPois   .          Reflect  .   (helmet restricted)
rElec   .          Harm     .   (no cloak)
rCorr   .          Rampage  .   (no gloves)
Will    .....                   (no boots)
Stlth   ..........              (no amulet)
HPRegen 0.24/turn               (no ring)
MPRegen 0.09/turn               (no ring)

@: berserking, very quick
A: horns 2, retaliatory headbutt
a: Renounce Religion, Berserk, Trog's Hand


You were on level 4 of the Dungeon.
You worshipped Trog.
Trog was pleased with you.
You visited 1 branch of the dungeon, and saw 4 of its levels.

You collected 114 gold pieces.


Innate Abilities, Weirdness & Mutations

You have a pair of horns on your head.
You reflexively headbutt those who attack you in melee.


   Skills:
 + Level 5.2 Fighting
 * Level 6.4 Axes
 + Level 4.3 Armour
 - Level 2.1 Dodging


You had 5 spell levels left.
You didn't know any spells.
Your spell library was empty.

Inventory:

Hand Weapons
 a - a +0 hand axe (weapon)
Armour
 b - a +0 animal skin
 h - a +0 chain mail (worn)
Jewellery
 P - a ring of poison resistance {@f3}
Scrolls
 c - 2 scrolls of teleportation {unknown}
 f - a scroll of summoning {unknown}
 g - a scroll of immolation {unknown}
 k - a scroll of torment {unknown}
 l - a scroll of fog {unknown}
 m - a scroll of blinking {unknown}
 p - a scroll of magic mapping {unknown}
Potions
 d - 3 potions of invisibility {unknown}
 e - 2 potions of heal wounds {unknown}
 i - a potion of curing {unknown}
 j - 2 potions of lignification {unknown}
 n - a potion of haste {unknown}
 o - a potion of magic {unknown}

Dungeon Overview and Level Annotations

Branches:
Dungeon (4/15)
 Temple: D:4-7

Altars:

. #. .# # #.
....#. .
#.###.#.#. ..?
#........ .o?..
.#.#...#.##o#...
>............o
.#....Oh)##.####
.......@..o.....
.#######.#.#####.
#
................
# .######...#####
# ##..# # #..#
##### #..# #....
########..# ##...
####....:....#
#...


You could see a black bear, an ogre, an orc priest and 2 orcs.


Message History

The ogre hits you with a +0 giant spiked club!
* * * LOW HITPOINT WARNING * * *
The orc barely misses you. You furiously retaliate!
You headbutt the orc.
A red film seems to cover your vision as you go berserk!
You feel yourself moving faster!
You feel mighty!
The ogre hits you with a +0 giant spiked club!
* * * LOW HITPOINT WARNING * * *
The orc barely misses you.
You are too injured to fight recklessly!
You are too injured to fight recklessly!
You are too injured to fight recklessly!
You are too injured to fight recklessly!
You barely miss the ogre. You slash the black bear! You hit the orc.
You feel the power of Trog in you as your rage grows.
You kill the orc!
Trog accepts your kill. The black bear bites you.
* * * LOW HITPOINT WARNING * * *
The black bear claws you but does no damage.
The black bear claws you.
* * * LOW HITPOINT WARNING * * *
You hit the ogre. You headbutt the ogre.
The ogre is moderately wounded.
You slash the orc!
You kill the orc!
Trog accepts your kill.
You barely miss the black bear.
The orc priest calls down the wrath of Beogh upon you.
Beogh smites you!
You die...

Skill      XL: |  1  2  3  4  5 |
---------------+----------------+-----
Axes           | 4 5 6 |  6.4
Fighting       | 4 5 |  5.2
Armour         | 3 4 |  4.3
Dodging        | |  2.1

Action                   |  1- 3 |  4- 6 || total
-------------------------+-------+-------++-------
Melee: Hand axe          |    82 |    94 ||   176
       Headbutt          |    10 |    13 ||    23
       Punch             |     1 |       ||     1
Invok: Berserk           |     1 |     2 ||     3
 Stab: Sleeping          |     1 |       ||     1
Armor: Animal skin       |    12 |       ||    12
       Chain mail        |     5 |    64 ||    69
Dodge: Dodged            |    58 |    37 ||    95

Levels and vault maps discovered:
D:1:      lemuel_arrival_broad_hall, layout_loops_ring,
          dreamdust_ecumenical_altar_hidden_monk_grotto
D:2:      minmay_roachtagon, layout_loops_cross, uniq_terence
D:3:      layout_basic, st_stairs_11
D:4:      layout_basic, minmay_bisected

Notes
Turn   | Place    | Note
-------+----------+-------------------------------------------
     0 | D:1      | browni3141 the Minotaur Berserker began the quest for the
                  | Orb.
     0 | D:1      | Reached XP level 1. HP: 19/19 MP: 0/0
   108 | D:1      | Reached skill level 4 in Axes
   108 | D:1      | Reached XP level 2. HP: 25/27 MP: 1/1
   342 | D:1      | Reached skill level 4 in Fighting
   469 | D:1      | Reached skill level 3 in Armour
   477 | D:1      | Reached XP level 3. HP: 29/33 MP: 2/2
   785 | D:1      | Found a faded altar of an unknown god.
   960 | D:1      | Reached ** piety under Trog
  1185 | D:2      | Noticed Terence
  1199 | D:2      | Killed Terence
  1200 | D:2      | Reached skill level 5 in Axes
  1200 | D:2      | Reached XP level 4. HP: 36/41 MP: 3/3
  1955 | D:2      | Reached XP level 5. HP: 25/47 MP: 4/4
  3410 | D:4      | Noticed an ogre
  3417 | D:4      | Killed an ogre
  3418 | D:4      | Reached skill level 5 in Fighting
  3418 | D:4      | Reached skill level 6 in Axes
  3418 | D:4      | Reached skill level 4 in Armour
  3418 | D:4      | Reached XP level 6. HP: 56/56 MP: 5/5
  3705 | D:4      | HP: 8/84 [black bear (3)]
  3706 | D:4      | Killed from afar by an orc priest

Vanquished Creatures
  An ogre (D:4)
  A hound (D:4)
  Terence (D:2)
  An orc wizard (D:2)
  3 adders
  A gnoll (D:1)
  A worm (D:3)
  5 dart slugs
  6 orcs
  3 ball pythons
  9 bats
  5 endoplasms
  11 giant cockroaches
  5 goblins
  7 hobgoblins
  3 quokkas
  4 frilled lizards
  9 kobolds
  6 rats
82 creatures vanquished.

Table legend: (Time is in decaauts)
 A = Elapsed time spent in this place.
 B = Non-inter-level travel time spent in this place.
 C = Inter-level travel time spent in this place.
 D = Time resting spent in this place.
 E = Time spent auto-exploring this place.
 F = Levels seen in this place.
 G = Mean time per level.
                   A        B        C        D        E       F      G
               +--------+--------+--------+--------+--------+-----+--------+
         Total |   3738 |   3667 |     71 |    240 |   2905 |   4 |  934.5 |
       Dungeon |   3738 |   3667 |     71 |    240 |   2905 |   4 |  934.5 |
               +--------+--------+--------+--------+--------+-----+--------+

Top non-repeatable levels by time:
     D:2: 1213 daAuts
     D:1: 1040 daAuts
     D:3: 972 daAuts
     D:4: 512 daAuts

Table legend:
 A = Non-vault XP
 B = Vault XP
 C = Vault XP percentage of total XP
 D = Non-vault monster count
 E = Vault monster count
 F = Vault count percentage of total count
                 A         B        C        D         E       F
            +---------+---------+-------+---------+---------+-------
      Total |     354 |      72 |  16.9 |      70 |      12 |  14.6
            +---------+---------+-------+---------+---------+-------
        D:1 |      61 |       0 |   0.0 |      25 |       0 |   0.0
        D:2 |     100 |      52 |  34.2 |      30 |       9 |  23.1
        D:3 |      22 |      20 |  47.6 |       6 |       3 |  33.3
        D:4 |     171 |       0 |   0.0 |       9 |       0 |   0.0
            +---------+---------+-------+---------+---------+-------
